 Dungeon Crawl Stone Soup version 0.28.0 (webtiles) character file.

Game seed: 5177543822305322714

55 issech the Cudgeller (level 3, 0/36 HPs)
             Began as a Troll Monk on Feb 6, 2022.
             Succumbed to an adder's poison
             ... on level 2 of the Dungeon.
             The game lasted 00:04:15 (964 turns).

issech the Cudgeller (Troll Monk)                    Turns: 964, Time: 00:04:15

Health: 0/36       AC:  4    Str: 19    XL:     3   Next: 67%
Magic:  2/2        EV: 10    Int:  6    God:
Gold:   52         SH:  0    Dex: 14    Spells: 2/2 levels left

rFire   . . .      SeeInvis .   a - +0 mace
rCold   . . .      Faith    .   (no shield)
rNeg    . . .      Spirit   .   b - +0 robe
rPois   .          Reflect  .   (helmet restricted)
rElec   .          Harm     .   (no cloak)
rCorr   .          Rampage  .   (gloves unavailable)
Will    .....                   (boots unavailable)
Stlth   ++........              (no amulet)
HPRegen 0.92/turn               (no ring)
MPRegen 0.08/turn               (no ring)

@: lethally poisoned (0 -> -4)
A: large, unfitting armour, claws 3, regeneration 1, shaggy fur 1, tough skin 1
a: no special abilities


You were on level 2 of the Dungeon.
You visited 1 branch of the dungeon, and saw 2 of its levels.

You collected 52 gold pieces.

Inventory:

Hand Weapons
 a - a +0 mace (weapon)
Missiles
 e - 74 stones (quivered)
 i - 4 poisoned darts
Armour
 b - a +0 robe (worn)
Scrolls
 c - 6 scrolls of identify {unknown}
 d - 2 scrolls of amnesia {unknown}
 f - a scroll of enchant armour {unknown}
 g - a scroll of torment {unknown}
Potions
 h - a potion of attraction {unknown}


   Skills:
 + Level 2.9 Fighting
 + Level 3.4 Maces & Flails
 + Level 2.8 Dodging
 + Level 1.1 Stealth


You had 2 spell levels left.
You didn't know any spells.
Your spell library was empty.

Dungeon Overview and Level Annotations

Branches:
Dungeon (1/15)

Altars:


Innate Abilities, Weirdness & Mutations

You are too large for most types of armour.
You have claws for hands.
Your natural rate of healing is unusually fast.
You are covered in fur. (AC +1)
You have tough skin. (AC +1)


Message History

The adder poisons you! The adder bites you.
You are more poisoned.
The adder poisons you!
You barely miss the adder.
The adder is moderately wounded.
You feel very sick. The adder misses you.
The hobgoblin shouts!
You hit the adder.
The adder is moderately wounded.
You feel sick.
You hear a shout!
The adder misses you. The ball python closely misses you.
The adder bites you but does no damage.
You miss the adder.
The adder is moderately wounded.
You feel sick. The ball python bites you. The adder closely misses you.
The ball python closely misses you.
You hit the adder.
The adder is severely wounded.
You feel sick. The adder bites you. The ball python misses you.
The adder bites you.
You closely miss the adder.
The adder is severely wounded.
You feel sick. The ball python closely misses you. The adder bites you.
You are more poisoned.
The adder poisons you! The ball python closely misses you. The adder bites you.
You are more poisoned.
The adder poisons you!
* * * LOW HITPOINT WARNING * * *
You feel very sick.
You feel sick.
You feel very sick. The adder bites you.
* * * LOW HITPOINT WARNING * * *
You are lethally poisoned!
The adder poisons you!
* * * LOW HITPOINT WARNING * * *
You feel sick. The ball python closely misses you.
You die...

..#.##.#.##)#.##
#)...##.#.##.#.#
##†#g..#.##.#.## .
.##.#.#.##.#†## ..
#.##.#.##.#.## ...
J#.##.##J#.##. .....
#.#.###.#.##.. ......
##.#.#g#.##..#####......
.##)#.#.##..##..@.......
#.##.#.##....#..........
)#.##.##......SS..##....
#.#.###...........##....
##...#..#....g........ .
......................
.##......#....##.......
.##......#.....#.......
.##....................


You could see an adder, a hobgoblin and a ball python.

Vanquished Creatures
  2 gnolls (D:2)
  2 endoplasms
  3 giant cockroaches
  4 goblins
  7 hobgoblins
  2 quokkas (D:1)
  A ball python (D:2)
  5 bats
  2 frilled lizards (D:2)
  A kobold (D:1)
  4 rats
33 creatures vanquished.

Vanquished Creatures (others)
  2 demonic plants (D:1)
  A fungus (D:1)
  A plant (D:1)
  A withered plant (D:1)
5 creatures vanquished.

Grand Total: 38 creatures vanquished

Notes
Turn   | Place    | Note
-------+----------+-------------------------------------------
     0 | D:1      | issech the Troll Monk began the quest for the Orb.
     0 | D:1      | Reached XP level 1. HP: 22/22 MP: 0/0
   168 | D:1      | Found a faded altar of an unknown god.
   180 | D:1      | Reached XP level 2. HP: 29/29 MP: 1/1
   248 | D:1      | Reached skill level 3 in Maces & Flails
   617 | D:1      | You fall into a shaft and drop 1 floor!
   759 | D:2      | Reached XP level 3. HP: 36/36 MP: 2/2
   964 | D:2      | Succumbed to an adder's poison

Illustrated notes

Levels and vault maps discovered:
D:1:      moated_graveyard_arrival, layout_loops_ring,
          shapermc_ecumenical_altar_gd, hangedman_abyss_or_decor_stabs,
          minmay_misc_feat_encased
D:2:      minmay_inner_zag, layout_basic, hex_intersection

Skill      XL: |  1  2 |
---------------+-------+-----
Maces & Flails | 3 |  3.4
Fighting       | |  2.9
Dodging        | |  2.8
Stealth        | |  1.1

Action                   || total
-------------------------++-------
Melee: Mace              ||   119
 Stab: Sleeping          ||     1
Armor: Robe              ||    52
Dodge: Dodged            ||    87
